 Dungeon Crawl Stone Soup version 0.29-a0-362-g5854e031c7 (webtiles) character file.

Game seed: 2743520348395346546

56384 dracfodder the Warrior (level 14, -11/202 HPs)
             Began as a Minotaur Berserker on Apr 29, 2022.
             Was a High Priest of Trog.
             Mangled by a jumping spider (13 damage)
             ... on level 1 of the Spider Nest.
             The game lasted 01:10:54 (17401 turns).

dracfodder the Warrior (Minotaur Berserker)        Turns: 17401, Time: 01:10:54

Health: -11/202    AC: 26    Str: 30    XL:     14   Next: 41%
Magic:  13/13      EV:  2    Int:  6    God:    Trog [*****.]
Gold:   1727       SH: 28    Dex: 17    Spells: 13/13 levels left

rFire   . . .      SeeInvis .   j - +7 long sword of the Ancients {flame, Contam rElec rCorr Str+6}
rCold   . . .      Faith    .   o - +5 tower shield {AC+3}
rNeg    . . .      Spirit   .   (body armour currently unavailable)
rPois   +          Reflect  +   (helmet unavailable)
rElec   +          Harm     .   (cloak currently unavailable)
rCorr   +          Rampage  .   (gloves currently unavailable)
Will    +++..      Rage     1%  (boots currently unavailable)
Stlth   ++........ NoTele   +   D - amulet of reflection
HPRegen 1.43/turn               i - +6 ring of dexterity
MPRegen 0.13/turn               b - +4 ring of evasion

@: tree-form, strong-willed, corroded, regenerating
A: stationary, stasis, torment immunity, boosted hp, (horns 3), (retaliatory
headbutt), berserk 1
a: Renounce Religion, Berserk, Trog's Hand, Brothers in Arms


You were on level 1 of the Spider Nest.
You worshipped Trog.
Trog was extremely pleased with you.
You were a tree.
You visited 5 branches of the dungeon, and saw 18 of its levels.
You also visited: Sewer and Bailey.

You collected 1907 gold pieces.
You spent 180 gold pieces at shops.

Inventory:

Hand Weapons
 a - a +2 hand axe of venom
 j - the +7 long sword of the Ancients (weapon) {flame, Contam rElec rCorr Str+6}
   (You bought it in a shop on level 3 of the Dungeon)

   It burns those it strikes, dealing additional fire damage.
   Big, fiery blades are also staple armaments of hydra-hunters.
   Str:       It affects your strength (+6).
   rElec:     It insulates you from electricity.
   Contam:    It causes magical contamination when unequipped.
   rCorr:     It protects you from acid and corrosion.
 z - the +5 lajatang "Killer Bee's Foe" {speed, rC++ Will+}
   (You took it off a deep elf pyromancer in a bailey)

   Attacks with this weapon are significantly faster.
   rC:        It greatly protects you from cold.
   Will:      It increases your willpower.
 B - the +7 captain's cutlass {speed, disarm}
   (You found it in a bailey)

   Attacks with this weapon are significantly faster.
   It may disarm weapon-wielding foes when striking them, dealing extra damage
   in the process.
Missiles
 d - 11 poisoned darts
 E - 3 curare-tipped darts
 F - 2 throwing nets
Armour
 o - a +5 tower shield of protection (worn)
 r - the +0 pair of boots "Taolail" (melded) {Rampage rPois Regen+ Int-3}
   (You found it on level 5 of the Dungeon)

   Int:       It affects your intelligence (-3).
   rPois:     It protects you from poison.
   Regen:     It increases your rate of health regeneration.
   Rampage:   It bestows one free step when moving towards enemies.
 y - the +1 leather armour of Brilliance {Rampage Dex+3}
   (You found it on level 5 of the Dungeon)

   Dex:       It affects your dexterity (+3).
   Rampage:   It bestows one free step when moving towards enemies.
 C - the +0 chain mail "Gonuohei" (melded) {Will++}
   (You found it in a bailey)

   Will:      It greatly increases your willpower.
 N - +0 ice dragon scales
Jewellery
 b - a +4 ring of evasion (right branch)
 i - a +6 ring of dexterity (left branch)
 m - a ring of protection from fire
 D - an amulet of reflection (around neck)
 J - a ring of willpower
Wands
 k - a wand of acid (6) (quivered)
 n - a wand of iceblast (11)
 v - a wand of paralysis (21)
 A - a wand of mindburst (8)
 G - a wand of digging (7)
Scrolls
 g - 6 scrolls of fog
 q - 8 scrolls of teleportation
 H - 2 scrolls of enchant weapon
 I - a scroll of fear {unknown}
Potions
 c - 9 potions of curing
 f - 3 potions of haste
 h - 7 potions of flight
 l - a potion of berserk rage
 t - 2 potions of might
 u - a potion of ambrosia
 w - 3 potions of invisibility
 x - a potion of mutation
 M - a potion of magic {unknown}


   Skills:
 * Level 15.0 Fighting
 + Level 14.4 Long Blades
 + Level 5.0 Axes
 + Level 0.3 Throwing
 + Level 10.5 Armour
 + Level 7.0 Dodging
 + Level 3.3 Stealth
 + Level 13.1 Shields
 * Level 11.7 Unarmed Combat
 + Level 0.2 Evocations


You had 13 spell levels left.
You didn't know any spells.
Your spell library was empty.

Dungeon Overview and Level Annotations

Branches:
Dungeon (9/15)             Temple (1/1) D:4            Lair (6/6) D:9
 Shoals (1/4) Lair:2       Spider (1/4) Lair:2        Slime (0/5) Lair:6
  Sewer (visited)          Bailey (visited)
    Orc: D:9-12

Altars:
Kikubaaqudgha

Shops:
D:3 *


Innate Abilities, Weirdness & Mutations

You are a tree.
Your roots penetrate the ground, keeping you stationary.
You cannot be teleported.
You are immune to unholy pain and torment.
Your maximum health is greatly increased.
Your equipment is partially melded.
((You have a pair of large horns on your head.))
((You reflexively headbutt those who attack you in melee.))
You tend to lose your temper in combat.


Message History

* * * LOW HITPOINT WARNING * * *
Your ogre closely misses the culicivora.
The entropy weaver gestures at you while chanting.
The entropic weave corrodes you!
The demonic crawler shrieks in warning!
The jumping spider completely misses you.
The jumping spider bites you but does no damage.
The culicivora bites your ogre!!
A redback comes into view.
You hear an angry hiss.
Really quaff the potion of lignification?
You turn into a tree.
The +0 pair of boots "Taolail" {Rampage rPois Regen+ Int-3} melds into your body.
The +0 chain mail "Gonuohei" {Will++} melds into your body.
Your roots penetrate the ground.
You block the tarantella's attack. You block the jumping spider's attack.
The jumping spider bites you but does no damage.
The jumping spider pounces on you!
* * * LOW HITPOINT WARNING * * *
The jumping spider bites you but does no damage.
The demonic crawler barely misses you. You block the demonic crawler's attack.
The demonic crawler hits you!
* * * LOW HITPOINT WARNING * * *
The culicivora bites your ogre!!
Your ogre dies!
Your ogre's corpse disappears in a puff of smoke!
The tarantella touches you but does no damage.
The jumping spider pounces on you but does no damage.
The jumping spider bites you but does no damage.
A demonic crawler comes into view.
As you read the scroll of summoning, it crumbles to dust.
Wisps of shadow whirl around you...
You block the jumping spider's attack. x2
A redback comes into view.
You block the demonic crawler's attack. The demonic crawler hits you.
* * * LOW HITPOINT WARNING * * *
The demonic crawler hits you but does no damage.
The tarantella touches you!
* * * LOW HITPOINT WARNING * * *
The jumping spider pounces on you!
You die...

#s.#.........#......
...........#.○.....[
....##..#...†.....#..
.#^........#..#^...≈≈#
....#....#.....#..##≈#
......#....s.#....^# #
.....s.#.s.#ss.....#
.#....s....Bss#..≈≈##
.#..^..#.s...s♣s##≈≈≈#
....#...#.##y.s..≈####
...#.#......#..s##
..#^..........#s##
........##.#.#≈##
....#....^...≈##
.......<......#
....#.#.#...^.# .
.......#.#.##


You could see an entropy weaver, 3 demonic crawlers, an orb spider, a culicivora
(ally target), 3 jumping spiders, a tarantella, 3 redbacks, a friendly moth of
wrath (summoned), a friendly culicivora (summoned) and a friendly jumping spider
(summoned, wandering).

Vanquished Creatures
  The ghost of HendSelp the Bludgeoner, a journeyman OgBe of Trog (Lair:5)
  The ghost of Ablaaz the Impaler, a journeyman MfGl of Yredelemnul (Lair:4)
  2 spark wasps (Spider:1)
  Harold (Lair:2)
  An ice dragon (Lair:6)
  5 hydras
  3 boulder beetles
  10 death yaks (Lair:5)
  Sonja (Lair:6)
  A pharaoh ant (Spider:1)
  Pikel (D:8)
  A lindwurm (Lair:6)
  A deep elf pyromancer (Bailey)
  An orc knight (Bailey)
  3 wolf spiders (Spider:1)
  6 torpor snails
  2 black mambas
  17 cane toads
  5 rime drakes
  5 komodo dragons
  A troll (D:9)
  11 polar bears
  8 hornets
  4 tyrant leeches (Lair:6)
  2 tarantellas (Spider:1)
  16 blink frogs
  3 raiju (Lair:6)
  A snapping turtle (Lair:2)
  3 culicivoras (Spider:1)
  40 yaks
  5 jumping spiders
  4 wyverns
  5 redbacks
  6 basilisks
  A steam dragon (D:6)
  4 wargs (Lair:6)
  13 water moccasins
  14 hell hounds (Lair:6)
  9 orc warriors
  Pargi (Sewer)
  A sky beast (D:6)
  11 black bears (Lair:6)
  2 ice beasts (D:5)
  19 wolves
  An ogre (D:6)
  4 centaurs
  4 lemures (D:8)
  2 kobold brigands
  3 scorpions
  13 bullfrogs
  4 necrophages
  4 wights (D:6)
  3 howler monkeys (D:8)
  3 electric eels
  4 orc priests
  4 jellies
  5 hounds
  Jessica (D:2)
  Ijyb (D:4)
  5 iguanas
  6 orc wizards
  7 gnolls
  7 adders
  2 white imps (D:5)
  2 ufetubi
  7 worms
  4 dart slugs
  22 orcs
  15 ball pythons
  11 endoplasms
  3 giant cockroaches
  7 hobgoblins
  7 jackals
  A quokka (D:1)
  3 bats
  10 frilled lizards
  11 goblins
  21 kobolds
  5 rats
  A bush (D:3)
465 creatures vanquished.

Vanquished Creatures (others)
  23 fungi
  54 plants
77 creatures vanquished.

Grand Total: 542 creatures vanquished

Notes
Turn   | Place    | Note
-------+----------+-------------------------------------------
     0 | D:1      | dracfodder the Minotaur Berserker began the quest for the
                  | Orb.
     0 | D:1      | Reached XP level 1. HP: 19/19 MP: 0/0
   162 | D:1      | Reached skill level 4 in Fighting
   162 | D:1      | Reached XP level 2. HP: 27/27 MP: 1/1
   400 | D:1      | Reached skill level 1 in Unarmed Combat
   607 | D:1      | Reached ** piety under Trog
   608 | D:1      | Reached XP level 3. HP: 14/34 MP: 2/2
  1141 | D:1      | Found a faded altar of an unknown god.
  1234 | D:2      | Gained mutation: You have hidden genetic potential. [potion
                  | of mutation]
  1234 | D:2      | Gained mutation: You are dopey. (Int -2) [potion of
                  | mutation]
  1234 | D:2      | Gained mutation: You have a pair of large horns on your
                  | head. [potion of mutation]
  1350 | D:2      | Noticed Jessica
  1354 | D:2      | Killed Jessica
  1355 | D:2      | Reached XP level 4. HP: 41/41 MP: 3/3
  1719 | D:3      | Gained mutation: Your system is resistant to poisons.
                  | (rPois) [hidden potential]
  2122 | D:3      | Reached skill level 5 in Fighting
  2123 | D:3      | Reached XP level 5. HP: 48/48 MP: 4/4
  2185 | D:3      | Found Couh's Assorted Antiques.
  2228 | D:3      | Bought a dazzling long sword for 161 gold pieces
  2228 | D:3      | Identified the +7 long sword of the Ancients {flame, Contam
                  | rElec rCorr Str+6} (You bought it in a shop on level 3 of
                  | the Dungeon)
  2228 | D:3      | Bought a scroll labelled SYZUSYSYANGADD for 19 gold pieces
  2290 | D:3      | Reached *** piety under Trog
  2293 | D:3      | Gained mutation: You are partially covered in iridescent
                  | scales. (AC +2) [hidden potential]
  2293 | D:3      | Lost mutation: You have hidden genetic potential. [hidden
                  | potential expressed]
  2295 | D:3      | Reached skill level 5 in Axes
  2456 | D:3      | Reached skill level 1 in Long Blades
  2640 | D:4      | Found a staircase to the Ecumenical Temple.
  2661 | D:4      | Reached XP level 6. HP: 56/56 MP: 5/5
  3105 | D:4      | Noticed Ijyb
  3111 | D:4      | Killed Ijyb
  3332 | D:4      | Identified the +6 rapier of Anger {vorpal, rC- rN+ MP+9
                  | Int+4}
  3448 | Temple   | Entered the Ecumenical Temple
  3476 | D:5      | Entered Level 5 of the Dungeon
  3613 | D:5      | Identified the +0 pair of boots "Taolail" {Rampage rPois
                  | Regen+ Int-3}
  3658 | D:5      | Reached skill level 6 in Fighting
  3660 | D:5      | Reached XP level 7. HP: 59/63 MP: 6/6
  3726 | D:5      | Reached **** piety under Trog
  3730 | D:5      | Found a glowing drain.
  3742 | Sewer    | Entered a sewer
  3782 | Sewer    | Noticed Pargi
  3789 | Sewer    | Killed Pargi
  4150 | D:5      | Identified the +1 leather armour of Brilliance {Rampage
                  | Dex+3}
  4217 | D:5      | Reached skill level 1 in Stealth
  4422 | D:5      | Reached skill level 5 in Long Blades
  4422 | D:5      | Reached skill level 1 in Shields
  4423 | D:5      | Reached XP level 8. HP: 56/71 MP: 7/7
  4723 | D:6      | Reached skill level 7 in Fighting
  5038 | D:6      | Reached skill level 5 in Unarmed Combat
  5159 | D:6      | Reached XP level 9. HP: 73/81 MP: 8/8
  5615 | D:7      | Reached skill level 8 in Fighting
  6154 | D:8      | Found a flagged portal.
  6161 | D:8      | Reached ***** piety under Trog
  6341 | Bailey   | Entered a bailey
  6495 | Bailey   | Found a large runed translucent door.
  6495 | Bailey   | Found a large runed translucent door.
  6498 | Bailey   | Noticed a deep elf pyromancer
  6498 | Bailey   | Noticed an orc knight
  6500 | Bailey   | Reached skill level 5 in Dodging
  6522 | Bailey   | Killed an orc knight
  6523 | Bailey   | Reached skill level 9 in Fighting
  6526 | Bailey   | Reached XP level 10. HP: 66/91 MP: 9/9
  6571 | Bailey   | Identified the +5 lajatang "Killer Bee's Foe" {speed, rC++
                  | Will+}
  6571 | Bailey   | Found the +7 captain's cutlass {speed, disarm}
  6613 | Bailey   | Killed a deep elf pyromancer
  6629 | Bailey   | Identified the +0 chain mail "Gonuohei" {Will++}
  6953 | D:8      | Noticed Pikel
  6978 | D:8      | Found an ancient bone altar of Kikubaaqudgha.
  7005 | D:8      | Killed Pikel
  7006 | D:8      | Reached skill level 10 in Long Blades
  7318 | D:9      | Reached skill level 5 in Armour
  7339 | D:9      | Found a staircase to the Lair.
  7345 | D:9      | Reached skill level 10 in Fighting
  8068 | Lair:1   | Entered Level 1 of the Lair of Beasts
  8368 | Lair:1   | Noticed a boulder beetle
  8396 | Lair:1   | Killed a boulder beetle
  8397 | Lair:1   | Reached skill level 5 in Shields
  8397 | Lair:1   | Reached XP level 11. HP: 101/101 MP: 10/10
  9290 | Lair:2   | Noticed Harold
  9301 | Lair:2   | Killed Harold
  9475 | Lair:2   | Found a hole to the Spider Nest.
  9528 | Lair:2   | You fall into a shaft and drop 1 floor!
  9538 | Lair:2   | Reached skill level 11 in Fighting
 10453 | Lair:2   | Reached XP level 12. HP: 74/110 MP: 11/11
 10694 | Lair:2   | Found a staircase to the Shoals.
 10850 | Shoals:1 | Entered Level 1 of the Shoals
 11122 | Spider:1 | Entered Level 1 of the Spider Nest
 11122 | Spider:1 | Noticed a spark wasp
 11133 | Spider:1 | Killed a spark wasp
 11136 | Spider:1 | Received a gift from Trog
 12392 | Lair:4   | Reached skill level 12 in Fighting
 13068 | Lair:4   | Found a runed translucent door.
 13076 | Lair:4   | Noticed Ablaaz's ghost (journeyman MfGl)
 13093 | Lair:4   | Killed Ablaaz's ghost
 13475 | Lair:5   | Found a runed translucent door.
 13475 | Lair:5   | Noticed HendSelp's ghost (journeyman OgBe)
 13781 | Lair:5   | Reached skill level 10 in Unarmed Combat
 13795 | Lair:5   | Noticed a four-headed hydra
 13802 | Lair:5   | Killed a one-headed hydra
 14017 | Lair:5   | Noticed a boulder beetle
 14031 | Lair:5   | Killed a boulder beetle
 14032 | Lair:5   | Reached skill level 13 in Fighting
 14032 | Lair:5   | Reached XP level 13. HP: 121/122 MP: 12/12
 14056 | Lair:5   | Reached skill level 10 in Shields
 14932 | Lair:5   | Killed HendSelp's ghost
 14974 | Lair:6   | Entered Level 6 of the Lair of Beasts
 15206 | Lair:6   | Noticed Sonja
 15213 | Lair:6   | Found a staircase to the Slime Pits.
 15228 | Lair:6   | Killed Sonja
 15229 | Lair:6   | Reached skill level 14 in Fighting
 15354 | Lair:6   | Found a runed translucent door.
 15410 | Lair:6   | Reached skill level 10 in Armour
 15506 | Lair:6   | Identified the +6 falchion "Jellybane" {vorpal, Dex+5 SInv}
 16129 | Lair:6   | Reached XP level 14. HP: 95/133 MP: 13/13
 16348 | Lair:6   | Lost mutation: Your system is resistant to poisons. (rPois)
                  | [potion of mutation]
 16348 | Lair:6   | Lost mutation: You are partially covered in iridescent
                  | scales. (AC +2) [potion of mutation]
 16348 | Lair:6   | Lost mutation: You have a pair of large horns on your head.
                  | [potion of mutation]
 16348 | Lair:6   | Gained mutation: You are frail. (-10% HP) [potion of
                  | mutation]
 16348 | Lair:6   | Gained mutation: You sometimes lose the ability to read
                  | scrolls when taking damage. [potion of mutation]
 16349 | Lair:6   | Lost mutation: You are frail. (-10% HP) [potion of
                  | mutation]
 16349 | Lair:6   | Lost mutation: You are dopey. (Int -2) [potion of mutation]
 16349 | Lair:6   | Lost mutation: You sometimes lose the ability to read
                  | scrolls when taking damage. [potion of mutation]
 16349 | Lair:6   | Gained mutation: You have a pair of large horns on your
                  | head. [potion of mutation]
 16349 | Lair:6   | Gained mutation: You tend to lose your temper in combat.
                  | [potion of mutation]
 17321 | Spider:1 | Reached skill level 15 in Fighting
 17398 | Spider:1 | HP: 5/135 [demonic crawler (3)]
 17401 | Spider:1 | HP: 2/202 [tarantella (12)]
 17401 | Spider:1 | Mangled by a jumping spider

Illustrated notes

Levels and vault maps discovered:
D:1:      dpeg_arrival_radiant, layout_loops_ring,
          dreamdust_ecumenical_altar_hidden_monk_grotto, minmay_tromino_v4_a
D:2:      layout_rooms, uniq_jessica
D:3:      layout_basic, serial_shops, nicolae_shop_advertising_works
          [nicolae_subvault_shop_adworks], lexackson_kobold_supper
D:4:      layout_basic, minmay_temple_entry_junction, st_stairs_9,
          abandoned_shop, uniq_ijyb
D:5:      layout_loops_corners, cheibrodos_sewer_entry_sluice,
          corexii_item_surrounded_by_moat
D:6:      layout_cave_pools, due_unseen_surprise
D:7:      layout_basic
D:8:      layout_loops_ring, kiku_gazebo_pond_becter, enter_bailey_5,
          kennysheep_cluttered_room, uniq_pikel
D:9:      layout_basic, erik_lair_island
Temple:   mainiacjoe_temple_bowtie_tessellation
Lair:1:   layout_chaotic_city
Lair:2:   layout_cave_pods, minmay_shoals_entry_hut, spider_nest_entry_a,
          uniq_harold
Lair:3:   layout_small_grid, serial_bayou_shore_b, grunt_megastairs_3
Lair:4:   layout_loops_ring, ebering_ghost_reflecting_pool,
          chequers_serial_rivers_marsh, lemuel_fruit_fields,
          serial_bayou_shore_a
Lair:5:   layout_layer_cave, hellmonk_ghost_happy_afterlife
Lair:6:   hangedman_lair_caniforms_friends, layout_regular_city, wormcave,
          nicolae_slime_entry_slimehenge, lemuel_fruit_tree, uniq_sonja
Shoals:1: layout_shoals, uniq_jorgrun
Spider:1: layout_spider_delve

Skill      XL: |  1  2  3  4  5  6  7  8  9 10 11 12 13 14 |
---------------+-------------------------------------------+-----
Fighting       | 4 5 6 7 9 10 11 13 14 15 | 15.0
Axes           | 4 5 |  5.0
Unarmed Combat | 1 2 3 4 5 6 7 8 10 11 | 11.7
Dodging        | 3 4 5 6 7 |  7.0
Long Blades    | 1 3 5 7 9 11 12 13 14 | 14.4
Armour         | 3 4 5 7 9 10 | 10.5
Stealth        | 1 2 3 |  3.3
Shields        | 1 2 3 5 7 9 12 13 | 13.1
Throwing       | |  0.3
Evocations     | |  0.2

Action                   |  1- 3 |  4- 6 |  7- 9 | 10-12 | 13-15 || total
-------------------------+-------+-------+-------+-------+-------++-------
Melee: Hand axe          |    72 |    86 |       |       |       ||   158
       Headbutt          |    15 |    38 |    29 |   130 |   162 ||   374
       Punch             |     2 |     2 |       |       |       ||     4
       Long sword        |       |    70 |   163 |   475 |   564 ||  1272
Throw: Dart              |       |     4 |       |     2 |       ||     6
Invok: Berserk           |       |       |     1 |     4 |     5 ||    10
       Trog's Hand       |       |       |     1 |     3 |     8 ||    12
       Brothers in Arms  |       |       |       |     1 |     1 ||     2
Evoke: Wand              |       |       |       |     2 |     9 ||    11
  Use: Scroll            |     6 |     7 |     8 |     6 |     3 ||    30
       Potion            |     1 |       |     5 |     1 |     8 ||    15
 Stab: Sleeping          |     1 |       |     2 |       |       ||     3
Armor: Animal skin       |     6 |       |       |       |       ||     6
       Leather armour    |     3 |    30 |    30 |       |       ||    63
       Chain mail        |       |       |       |   106 |   155 ||   261
       Skin              |       |       |       |       |     6 ||     6
Dodge: Dodged            |    57 |    69 |   101 |   131 |   171 ||   529
Block: Buckler           |       |     2 |    33 |       |       ||    35
       Tower shield      |       |       |       |   428 |   760 ||  1188
       Reflection        |       |       |       |     1 |     2 ||     3

Table legend: (Time is in decaauts)
 A = Elapsed time spent in this place.
 B = Non-inter-level travel time spent in this place.
 C = Inter-level travel time spent in this place.
 D = Time resting spent in this place.
 E = Time spent auto-exploring this place.
 F = Levels seen in this place.
 G = Mean time per level.
                   A        B        C        D        E       F      G
               +--------+--------+--------+--------+--------+-----+--------+
         Total |  17666 |  17154 |    512 |   2286 |  11045 |  20 |  883.3 |
       Dungeon |   7482 |   7294 |    188 |    513 |   5291 |   9 |  831.3 |
        Temple |      4 |      4 |      0 |      0 |      0 |   1 |    4.0 |
          Lair |   9304 |   8983 |    321 |   1623 |   5583 |   6 | 1550.7 |
        Shoals |     46 |     46 |      0 |      0 |      0 |   1 |   46.0 |
   Spider Nest |    138 |    137 |      1 |     19 |      8 |   1 |  138.0 |
         Sewer |    262 |    262 |      0 |      0 |     97 |   1 |  262.0 |
        Bailey |    427 |    427 |      0 |    130 |     65 |   1 |  427.0 |
               +--------+--------+--------+--------+--------+-----+--------+

Top non-repeatable levels by time:
  Lair:2: 2307 daAuts
  Lair:6: 2090 daAuts
  Lair:5: 1711 daAuts
     D:1: 1210 daAuts
  Lair:1: 1186 daAuts
  Lair:4: 1104 daAuts
     D:5: 995 daAuts
     D:3: 978 daAuts
  Lair:3: 904 daAuts
     D:4: 844 daAuts
     D:9: 802 daAuts
     D:8: 762 daAuts
     D:7: 730 daAuts
     D:6: 686 daAuts
     D:2: 471 daAuts
